 Dungeon Sprint DCSS version 0.17-a0-1954-g0dddeaa (webtiles) character file.

1766 kosy22 the Nimble (level 8, 0/88 HPs)
             Began as a Troll Fighter on Oct 4, 2015.
             Was the Champion of Jiyva.
             Slain by a spiny frog (13 damage)
             ... in the Dungeon (Sprint IX: "|||||||||||||||||||||||||||||").
             The game lasted 00:03:57 (548 turns).

kosy22 the Nimble (Troll Fighter)                    Turns: 548, Time: 00:03:57

Health: 0/88       AC:  9    Str: 28    XL:     8   Next: 79%
Magic:  6/7        EV: 16    Int:  4    God:    Jiyva [******]
Gold:   0          SH: 12    Dex: 16    Spells: 0 memorised, 7 levels left

rFire  . . .     SeeInvis .     o - +2 morningstar (crush)
rCold  . . .     Clarity  .     s - +1 troll leather armour
rNeg   . . .     SustAt   .     b - +0 shield
rPois  .         Gourm    +     (helmet restricted)
rElec  .         Spirit   .     p - +0 cloak
rCorr  +         Warding  .     (gloves unavailable)
rMut   .         NoTele   +     (boots unavailable)
MR     .....                    (no amulet)
Stlth  ++........               r - +3 ring of dexterity
                                q - +3 ring of dexterity

@: not resistant to hostile enchantments, unstealthy
A: unfitting armour, claws 3, hooves 1, fast metabolism 3, gourmand,
regeneration 2, shaggy fur 1, spit poison 1, strong 1, tough skin 2, eyeballs 1,
translucent skin 2
a: Spit Poison, Request Jelly, Jelly Paralyse, Slimify, Cure Bad Mutation,
Renounce Religion


You were in the Dungeon.
You worshipped Jiyva.
Jiyva was exalted by your worship.
You were not hungry.

You visited 1 branch

Inventory:

Hand weapons
 o - a +2 morningstar of crushing (weapon)
Armour
 a - a +0 robe
 b - a +0 shield (worn)
 p - a +0 cloak (worn)
 s - a +1 troll leather armour (worn)
Jewellery
 q - a +3 ring of dexterity (left claw)
 r - a +3 ring of dexterity (right claw)
 t - a cursed ring of fire
Magical devices
 n - a wand of fire (7)
Scrolls
 j - 4 scrolls of blinking
 l - 3 scrolls of remove curse
 m - 2 scrolls of amnesia
 u - 2 scrolls of identify
 v - 2 scrolls of enchant weapon
Potions
 c - 2 potions of might
 e - 2 potions of curing
 f - 5 potions of heal wounds
 g - 2 potions of haste
 h - 4 potions of magic
 i - 3 potions of berserk rage
 k - a potion of invisibility
Comestibles
 d - a bread ration


   Skills:
 + Level 7.9 Fighting
 + Level 5.9 Maces & Flails
 + Level 2.6 Armour
 + Level 10.0 Dodging
 + Level 1.1 Stealth
 + Level 8.4 Shields
 + Level 6.0 Unarmed Combat


You had 7 spell levels left.
You didn't know any spells.

Dungeon Overview and Level Annotations

Branches:
Dungeon (1/1)

Altars:
Cheibriados
Dithmenos
Elyvilon
Fedhas
Gozag
Kikubaaqudgha
Makhleb
Nemelex Xobeh
Okawaru
Qazlal
Ru
Sif Muna
Trog
Vehumet
Xom
Yredelemnul
Zin
The Shining One
Beogh
Jiyva
Lugonu


Innate Abilities, Weirdness & Mutations

You are too large for most types of armour.
You have claws for hands.
Your metabolism is lightning-fast.
You like to eat raw meat.
You heal very quickly.
You are covered in fur (AC +1).
You have very tough skin (AC +2).
You have large cloven feet.
You can spit weak poison.
Your muscles are strong. (Str +2)
Your body is partially covered in golden eyeballs (Acc +3).
Your skin is mostly translucent (Stealth, -foe acc).


Message History

The water moccasin bites the slime creature.
The slime creature hits the water moccasin!!
The water moccasin bites the slime creature.
The slime creature hits the water moccasin!
The water moccasin dies!
The spiny frog stings the slime creature!!
The slime creature dies!
Your Dodging skill increases to level 10!
You block the spiny frog's attack.
There is an open door, spattered with blood here.
You hit the spiny frog.
You kick the spiny frog, but do no damage.
The spiny frog is lightly wounded.
The spiny frog stings you!
* * * LOW HITPOINT WARNING * * *
You closely miss the spiny frog.
You kick the spiny frog, but do no damage.
The spiny frog is lightly wounded.
The spiny frog stings you!
You die...

▓▓▓▓▓▓▓▓▓▓▓▓▓▓▓▓▓▓▓▓▓▓▓▓▓▓▓▓▓▓▓▓▓
..'_________J___________'........
▓▓▓▓▓▓▓▓▓▓▓▓▓▓▓▓▓▓▓▓▓▓▓▓▓▓▓▓▓▓▓▓▓
.................................
▓▓▓▓▓▓▓▓▓▓▓▓▓▓▓▓▓▓▓▓▓▓▓▓▓▓▓▓▓▓▓▓▓
......'†........@F......
▓▓▓▓▓▓▓▓▓▓▓▓▓▓▓▓▓▓▓▓▓▓▓▓


You could see a spiny frog.

Vanquished Creatures
  A black mamba (D)
  A spiny frog (D)
  A fire drake (D)
  3 water moccasins (D)
  An ice beast (D)
  An ogre (D)
  2 giant frogs (D)
  An iguana (D)
  An orc wizard (D)
  2 sheep (D)
  A river rat (D)
  An adder (D)
  An adder skeleton (D)
  An adder zombie (D)
  A giant gecko (D)
  2 orcs (D)
  A goblin (D)
  A hobgoblin (D)
  A jackal (D)
  A giant newt (D)
25 creatures vanquished.

Vanquished Creatures (collateral kills)
  A wyvern (D)
1 creature vanquished.

Vanquished Creatures (others)
  A spatial maelstrom (D)
  A griffon (D)
  A manticore (D)
  A slime creature (D)
  A yak (D)
  A water moccasin (D)
  A crocodile (D)
  A jelly (D)
  A brain worm (D)
  2 giant frogs (D)
  A bat skeleton (D)
12 creatures vanquished.

Grand Total: 38 creatures vanquished

Notes
Turn   | Place    | Note
--------------------------------------------------------------
     0 | D        | kosy22 the Troll Fighter began the quest for the Orb.
     0 | D        | Reached XP level 1. HP: 22/22 MP: 0/0
    11 | D        | Banished a spatial maelstrom
    15 | D        | Reached skill level 3 in Shields
    22 | D        | Noticed an orc wizard
    24 | D        | Reached XP level 2. HP: 31/31 MP: 1/1
    39 | D        | Killed an orc wizard
    39 | D        | Reached XP level 3. HP: 31/39 MP: 2/2
    54 | D        | Reached skill level 4 in Shields
   119 | D        | Found a glowing silver altar of Zin.
   119 | D        | Found a glowing golden altar of the Shining One.
   119 | D        | Found an ancient bone altar of Kikubaaqudgha.
   119 | D        | Found a basalt altar of Yredelemnul.
   119 | D        | Found a shimmering altar of Xom.
   119 | D        | Found a radiant altar of Vehumet.
   120 | D        | Found an iron altar of Okawaru.
   121 | D        | Found a burning altar of Makhleb.
   122 | D        | Found a deep blue altar of Sif Muna.
   123 | D        | Found a bloodstained altar of Trog.
   124 | D        | Found a sparkling altar of Nemelex Xobeh.
   125 | D        | Found a white marble altar of Elyvilon.
   126 | D        | Found a roughly hewn altar of Beogh.
   127 | D        | Found a viscous altar of Jiyva.
   128 | D        | Found a corrupted altar of Lugonu.
   129 | D        | Found a blossoming altar of Fedhas.
   130 | D        | Found a snail-covered altar of Cheibriados.
   131 | D        | Found a shadowy altar of Dithmenos.
   132 | D        | Found a stormy altar of Qazlal.
   133 | D        | Found an opulent altar of Gozag.
   134 | D        | Found a sacrificial altar of Ru.
   135 | D        | Became a worshipper of Jiyva Joteysk the Shapeless
   159 | D        | Acquired Jiyva's first power
   168 | D        | Acquired Jiyva's second power
   170 | D        | Acquired Jiyva's third power
   170 | D        | Gained mutation: You are agile. (Dex +2) [Jiyva's grace]
   172 | D        | Acquired Jiyva's fourth power
   172 | D        | Gained mutation: You have acidic saliva. [Jiyva's grace]
   172 | D        | Lost mutation: You are agile. (Dex +2) [Jiyva's grace]
   172 | D        | Gained mutation: You can spit weak poison. [Jiyva's grace]
   172 | D        | Gained mutation: Your body is partially covered in golden eyeballs (Acc +3). [Jiyva's grace]
   179 | D        | Gained mutation: Your skin is partially translucent (Stealth, -foe acc). [Jiyva's grace]
   180 | D        | Noticed an ogre
   180 | D        | Noticed a wyvern
   180 | D        | Noticed an ice beast
   180 | D        | Noticed a troll
   183 | D        | Killed an ogre
   183 | D        | Reached skill level 5 in Dodging
   183 | D        | Reached skill level 5 in Shields
   183 | D        | Reached XP level 4. HP: 46/49 MP: 3/3
   187 | D        | Killed a wyvern
   187 | D        | Reached skill level 5 in Fighting
   187 | D        | Reached skill level 1 in Maces & Flails
   187 | D        | Reached XP level 5. HP: 36/57 MP: 4/4
   190 | D        | Reached skill level 6 in Dodging
   193 | D        | Killed an ice beast
   193 | D        | Reached XP level 6. HP: 30/67 MP: 5/5
   196 | D        | Slimified a troll
   196 | D        | Noticed a slime creature
   196 | D        | a troll changed into a slime creature
   198 | D        | Gained mutation: Your muscles are strong. (Str +2) [Jiyva's grace]
   297 | D        | Noticed a brain worm
   297 | D        | Noticed a five-headed hydra
   297 | D        | Noticed a griffon
   297 | D        | Noticed a crocodile
   297 | D        | Noticed a yak
   297 | D        | Noticed a manticore
   300 | D        | Slimified a five-headed hydra
   300 | D        | Noticed an azure jelly
   300 | D        | a five-headed hydra changed into an azure jelly
   300 | D        | Killed a brain worm
   301 | D        | Lost mutation: You have acidic saliva. [Jiyva's grace]
   301 | D        | Killed a griffon
   302 | D        | Killed a crocodile
   304 | D        | Gained mutation: Your spells are a little harder to cast, but a little more powerful. [Jiyva's grace]
   305 | D        | Killed a yak
   307 | D        | Gained mutation: Your skin is mostly translucent (Stealth, -foe acc). [Jiyva's grace]
   307 | D        | Killed a manticore
   442 | D        | Noticed a hippogriff
   442 | D        | Noticed a giant frog
   442 | D        | Noticed an iguana
   442 | D        | Noticed a giant frog
   442 | D        | Noticed a fire drake
   444 | D        | Reached skill level 5 in Unarmed Combat
   446 | D        | Slimified a hippogriff
   446 | D        | a hippogriff changed into a jelly
   447 | D        | Noticed a spiny frog
   448 | D        | Noticed a giant frog
   448 | D        | Killed a giant frog
   454 | D        | Killed an iguana
   454 | D        | Reached skill level 7 in Dodging
   462 | D        | Killed a giant frog
   469 | D        | Killed a fire drake
   469 | D        | Reached skill level 1 in Armour
   469 | D        | Reached skill level 8 in Dodging
   469 | D        | Reached XP level 7. HP: 37/78 MP: 4/6
   472 | D        | Killed a spiny frog
   474 | D        | Killed a giant frog
   474 | D        | Reached skill level 9 in Dodging
   474 | D        | Reached XP level 8. HP: 49/87 MP: 5/7
   498 | D        | Noticed a water moccasin
   498 | D        | Noticed a water moccasin
   498 | D        | Noticed a water moccasin
   498 | D        | Noticed a black mamba
   498 | D        | Noticed a komodo dragon
   502 | D        | Noticed a giant frog
   503 | D        | Killed a water moccasin
   503 | D        | Reached skill level 1 in Stealth
   506 | D        | Noticed a water moccasin
   515 | D        | Killed a water moccasin
   521 | D        | Killed a water moccasin
   522 | D        | Noticed a spiny frog
   523 | D        | Reached skill level 5 in Maces & Flails
   527 | D        | Killed a black mamba
   538 | D        | Slimified a komodo dragon
   538 | D        | Noticed a slime creature
   538 | D        | a komodo dragon changed into a slime creature
   538 | D        | Gained mutation: You have large cloven feet. [Jiyva's grace]
   538 | D        | Lost mutation: Your spells are a little harder to cast, but a little more powerful. [Jiyva's grace]
   540 | D        | Killed a giant frog
   544 | D        | Killed a water moccasin
   545 | D        | Killed a slime creature
   545 | D        | Reached skill level 10 in Dodging
   548 | D        | Slain by a spiny frog

Vault maps used:
D:        linesprint

Action                   |  1- 3 |  4- 6 |  7- 9 || total
-------------------------+-------+-------+-------++-------
Melee: Unarmed           |    40 |       |       ||    40
       Morningstar       |     2 |    29 |    47 ||    78
Invok: Request Jelly     |     1 |       |       ||     1
       Slimify           |       |     3 |     1 ||     4
 Abil: Spit Poison       |     1 |     1 |       ||     2
  Use: Potion            |       |       |     3 ||     3
 Stab: Confused          |       |       |     1 ||     1
  Eat: Bread ration      |       |     1 |       ||     1
